 Dungeon Crawl Stone Soup version 0.28-a0-768-g8c92f1e708 (webtiles) character file.

Game seed: 6775761886627408945

110 Johnny the Slasher (level 5, -3/42 HPs)
             Began as a Human Berserker on Oct 31, 2021.
             Was a Believer of Trog.
             Killed from afar by an orc wizard (4 damage)
             ... with a puff of flame
             ... on level 4 of the Dungeon.
             The game lasted 00:01:28 (2003 turns).

Johnny the Slasher (Human Berserker)                Turns: 2003, Time: 00:01:29

Health: -3/42      AC:  5    Str: 19    XL:     5   Next: 14%
Magic:  5/5        EV: 11    Int:  7    God:    Trog [**....]
Gold:   114        SH:  0    Dex: 12    Spells: 4/4 levels left

rFire   . . .      SeeInvis .   a - +0 falchion
rCold   . . .      Faith    .   (no shield)
rNeg    . . .      Spirit   .   e - +0 ring mail
rPois   .          Reflect  .   (no helmet)
rElec   .          Harm     .   (no cloak)
rCorr   .          Rampage  .   (no gloves)
Will    .....                   (no boots)
Stlth   ..........              (no amulet)
HPRegen 0.14/turn               (no ring)
MPRegen 0.09/turn               (no ring)

@: confused, on berserk cooldown, attractive, slowed, very slow
A: fangs 1
a: Renounce Religion, Berserk, Trog's Hand


You were on level 4 of the Dungeon.
You worshipped Trog.
Trog was pleased with you.
You visited 1 branch of the dungeon, and saw 4 of its levels.

You collected 114 gold pieces.

Inventory:

Hand Weapons
 a - a +0 falchion (weapon)
Armour
 e - a +0 ring mail (worn)
Wands
 h - a wand of mindburst (15)
Scrolls
 c - a scroll of enchant weapon {unknown}
 d - a scroll of enchant armour {unknown}
 i - a scroll of fog {unknown}
Potions
 g - a potion of lignification {unknown}


   Skills:
 + Level 3.9 Fighting
 * Level 4.8 Long Blades
 - Level 2.0 Armour
 - Level 2.0 Dodging


You had 4 spell levels left.
You didn't know any spells.
Your spell library was empty.

Dungeon Overview and Level Annotations

Branches:
Dungeon (4/15)
 Temple: D:4-7

Altars:


Innate Abilities, Weirdness & Mutations

You have very sharp teeth.


Message History

The orc closely misses you.
In your confused state, you trip and fall back down the stairs.
You feel a strong urge to attack something.
The orc wizard hits you but does no damage.
The orc hits you but does no damage. The orc barely misses you.
The orc hits you with a +0 mace.
The orc wizard casts a spell.
The orc wizard flickers and vanishes!
Deactivating autopickup; reactivate with Ctrl-A.
The orc hits you with a +0 hand axe.
In your confused state, you trip and fall back down the stairs.
* * * LOW HITPOINT WARNING * * *
You feel your anger nearly subside.
You are no longer berserk.
You are exhausted.
You feel yourself slow down. The orc hits you with a +0 flail.
* * * LOW HITPOINT WARNING * * *
The orc barely misses you.
Unknown command.
Okay, then.
It was a potion of attraction.
You feel attractive to monsters. The orc hits you with a +0 hand axe.
* * * LOW HITPOINT WARNING * * *
Something hits you.
* * * LOW HITPOINT WARNING * * *
The endoplasm jiggles.
The orc hits you but does no damage. The orc barely misses you. x2
You hear some strange, mumbled words.
A puff of flame appears from out of thin air!
The puff of flame hits you.
* * * LOW HITPOINT WARNING * * *
The orc misses you. The orc hits you but does no damage.
Unknown command.
It was a potion of mutation.
You feel extremely strange.
Your teeth lengthen and sharpen.
The orc barely misses you.
You hear some strange, mumbled words.
A puff of flame appears from out of thin air!
The puff of flame hits you.
You die...

# #######<#.#
#.###.........#
#....Jo{o....#
#@# ##o# ##


You could see 3 orcs and an endoplasm.

Vanquished Creatures
  5 adders
  2 dart slugs (D:1)
  An orc (D:4)
  6 bats
  5 endoplasms (D:1)
  2 giant cockroaches (D:1)
  9 goblins
  3 hobgoblins
  2 jackals (D:1)
  5 kobolds
  2 quokkas (D:3)
  4 ball pythons
  2 ball python zombies (D:1)
  A frilled lizard (D:1)
  9 rats
58 creatures vanquished.

Notes
Turn   | Place    | Note
-------+----------+-------------------------------------------
     0 | D:1      | Johnny the Human Berserker began the quest for the Orb.
     0 | D:1      | Reached XP level 1. HP: 18/18 MP: 1/1
   153 | D:1      | Reached XP level 2. HP: 19/24 MP: 2/2
   389 | D:1      | Reached XP level 3. HP: 29/29 MP: 3/3
   517 | D:1      | Reached ** piety under Trog
   700 | D:1      | Reached skill level 4 in Long Blades
  1160 | D:2      | Reached XP level 4. HP: 33/36 MP: 4/4
  1484 | D:2      | Found a faded altar of an unknown god.
  1725 | D:3      | Reached XP level 5. HP: 37/42 MP: 5/5
  2002 | D:4      | HP: 1/42 [something/puff of flame (3)]
  2003 | D:4      | Gained mutation: You have very sharp teeth. [potion of
                  | mutation]
  2003 | D:4      | Killed from afar by an orc wizard

Illustrated notes

Levels and vault maps discovered:
D:1:      saegor_arrival_fortress, layout_basic
D:2:      layout_basic, shapermc_ecumenical_altar_flowoftime
D:3:      minmay_goblin_kobold_castle, layout_basic, uniq_terence
D:4:      layout_loops_ring, led_sif_pool

Skill      XL: |  1  2  3 |
---------------+----------+-----
Long Blades    | 4 |  4.8
Fighting       | |  3.9
Armour         | |  2.0
Dodging        | |  2.0

Action                   |  1- 3 |  4- 6 || total
-------------------------+-------+-------++-------
Melee: Falchion          |    98 |    53 ||   151
Invok: Berserk           |     2 |     1 ||     3
  Use: Potion            |       |     2 ||     2
Armor: Animal skin       |    14 |       ||    14
       Ring mail         |    14 |    24 ||    38
Dodge: Dodged            |    77 |    39 ||   116

Table legend: (Time is in decaauts)
 A = Elapsed time spent in this place.
 B = Non-inter-level travel time spent in this place.
 C = Inter-level travel time spent in this place.
 D = Time resting spent in this place.
 E = Time spent auto-exploring this place.
 F = Levels seen in this place.
 G = Mean time per level.
                   A        B        C        D        E       F      G
               +--------+--------+--------+--------+--------+-----+--------+
         Total |   2034 |   1950 |     84 |     81 |   1514 |   4 |  508.5 |
       Dungeon |   2034 |   1950 |     84 |     81 |   1514 |   4 |  508.5 |
               +--------+--------+--------+--------+--------+-----+--------+

Top non-repeatable levels by time:
     D:1: 1044 daAuts
     D:2: 697 daAuts
     D:3: 283 daAuts
     D:4: 9 daAuts
